 Dungeon Crawl Stone Soup version 0.25.1-2-g60ff931df9 (webtiles) character file.

Game seed: 4252545461730444760

6327 Drachen the Carver (level 10, -3/83 HPs)
             Began as a Demigod Gladiator on Oct 13, 2020.
             Killed from afar by Josephine (28 damage)
             ... with a ghostly fireball
             ... on level 10 of the Dungeon on Oct 15, 2020.
             The game lasted 00:54:15 (13510 turns).

Drachen the Carver (Demigod Gladiator)             Turns: 13510, Time: 00:54:18

Health: -3/83      AC: 10    Str: 19    XL:     10   Next: 38%
Magic:  23/23      EV: 13    Int: 12    God:
Gold:   395        SH:  0    Dex: 21    Spells: 9/9 levels left

rFire    + . .     SeeInvis .   j - +2 dagger (venom)
rCold    + . .     Gourm    .   (no shield)
rNeg     . . .     Faith    .   C - +1 ring mail {rC+}
rPois    .         Spirit   .   c - +0 helmet
rElec    .         Reflect  .   (no cloak)
rCorr    .         Harm     .   T - +1 pair of gloves
MR       +....                  D - +0 pair of boots
Stlth    +.........             (no amulet)
HPRegen  0.23/turn              t - ring of magical power
MPRegen  0.18/turn              A - ring of protection from fire

@: berserk cooldown, very slightly contaminated, very heavily drained, invisible
A: high mp 1
a: no special abilities


You were on level 10 of the Dungeon.
You were not hungry.

You visited 1 branch of the dungeon, and saw 11 of its levels.
You also visited: Ossuary.

You collected 480 gold pieces.
You spent 85 gold pieces at shops.

Inventory:

Hand Weapons
 a - a +0 long sword
 j - a +2 dagger of venom (weapon)
 n - a +3 vampiric short sword
 O - a +0 scimitar
Missiles
 r - 2 poisoned darts
 R - 6 datura-tipped darts (quivered)
Armour
 c - a +0 helmet (worn)
 e - a +0 chain mail
 o - a +0 scale mail
 C - a +1 ring mail of cold resistance (worn)
 D - a +0 pair of boots (worn)
 T - a +1 pair of gloves (worn)
Magical Staves
 K - an uncursed staff of wizardry {unknown}
Jewellery
 t - a ring of magical power (left hand)
 A - a ring of protection from fire (right hand)
Wands
 u - a wand of paralysis (34)
 x - a wand of flame (23)
 G - a wand of digging (6)
 N - a wand of random effects (9)
 Q - a wand of acid (3)
Scrolls
 b - a scroll of identify
 d - a scroll of amnesia
 i - 3 scrolls of enchant armour
 l - 3 scrolls of remove curse
 m - 3 scrolls of teleportation
 q - a scroll of enchant weapon
 s - 2 scrolls of blinking
 y - 2 scrolls of fog
 B - a scroll of holy word
 H - 3 scrolls of fear
 I - a scroll of immolation
 J - 2 scrolls of vulnerability
Potions
 g - a potion of mutation {unknown}
 h - 2 potions of brilliance
 k - 4 potions of curing
 p - 2 potions of lignification
 z - a potion of heal wounds
 F - a potion of magic {unknown}
 M - a potion of flight
Comestibles
 f - 15 rations


   Skills:
 + Level 5.8(2.2) Fighting
 - Level 10.0(6.0) Long Blades
 - Level 3.0(0.0) Throwing
 + Level 5.8(2.2) Armour
 + Level 7.6(3.8) Dodging
 + Level 2.2(0.0) Evocations


You had 9 spell levels left.
You didn't know any spells.
Your spell library contained the following spells:

 Spells                   Type           Power        Failure   Level  Hunger
 Animate Skeleton         Necr           N/A          50%         1    ##.....
 Apportation              Tloc           #.....       50%         1    ##.....
 Corona                   Hex            #......      50%         1    ##.....
 Summon Small Mammal      Summ           #...         50%         1    ##.....


Dungeon Overview and Level Annotations

Branches:
Dungeon (11/15)            Temple (0/1) D:4            Lair (0/6) D:8
Ossuary (visited)
    Orc: D:9-12

Shops:
D:9 ?(!

Annotations:
D:9 exclusion: orange crystal statue
D:10 Josephine


Innate Abilities, Weirdness & Mutations

You have an increased reservoir of magic. (+10% MP)


Message History

Josephine is lightly wounded.
Josephine misses you.
You catch the helpless Josephine completely off-guard!
You puncture Josephine!
Josephine looks as sick as possible!
Josephine is moderately wounded.
Josephine misses you.
You strike the helpless Josephine from behind!
You puncture Josephine!
Josephine looks as sick as possible!
Josephine is heavily wounded.
Josephine casts a spell at you.
The ghostly flame explodes!
The ghostly fireball engulfs you!!
You feel drained.
The ghostly fireball engulfs Josephine.
Josephine completely resists.
Josephine shouts!
You hit Josephine.
Josephine is heavily wounded.
Josephine casts a spell at you.
The ghostly flame explodes!
The ghostly fireball engulfs you!!
You feel drained.
You die...

#######..####.#.#
#........####.#.##
##.####..........#
#...............##
######.#.........#.
#...............##.
##.###.###########.
#.# #.# #. #@# #.#
#. ##@###.# #.
#>.....# #.
##.################
#.#...............
#.#.##############
#.#># #........
#.#.# #...##...
#.#.# ###.#.##.##


You could see Josephine (extremely poisoned).

Vanquished Creatures
  Harold (D:9)
  A hornet (D:10)
  A slime creature (D:10)
  A hippogriff (D:8)
  A spriggan (D:7)
  Sigmund (D:2)
  2 wraiths (D:10)
  2 wyverns (D:10)
  A soldier ant (D:10)
  A sky beast (D:4)
  2 orc warriors
  A phantom (D:9)
  A necrophage (D:7)
  9 ogres
  A centaur (D:9)
  2 bullfrogs
  3 scorpions
  3 howler monkeys
  6 crimson imps
  4 centaur zombies
  7 hounds
  A bullfrog zombie (D:6)
  8 jellies
  3 orc priests
  4 iguanas (D:4)
  Jessica (D:2)
  3 centaur skeletons
  Terence (D:2)
  6 orc wizards
  4 worker ants
  3 big kobold zombies (Ossuary)
  4 mummies (Ossuary)
  A howler monkey zombie (D:10)
  2 worker ant zombies
  A gnoll (D:4)
  16 adders
  A shadow imp (D:7)
  An ooze (D:3)
  2 adder skeletons
  4 worms
  5 dart slugs
  3 leopard geckos
  23 orcs
  2 ball pythons
  7 bats
  10 giant cockroaches
  7 goblins
  3 hobgoblins
  3 jackals (D:1)
  11 kobolds
  5 quokkas
  5 frilled lizards
  A leopard gecko zombie (D:5)
  10 rats
  A spectral orc (D:3)
213 creatures vanquished.

Vanquished Creatures (others)
  An orc wizard (D:6)
1 creature vanquished.

Grand Total: 214 creatures vanquished

Notes
Turn   | Place    | Note
-------+----------+-------------------------------------------
     0 | D:1      | Drachen the Demigod Gladiator began the quest for the Orb.
     0 | D:1      | Reached XP level 1. HP: 17/17 MP: 3/3
   132 | D:1      | Found a glowing golden altar of the Shining One.
   310 | D:1      | Reached XP level 2. HP: 21/24 MP: 4/4
   660 | D:1      | Reached skill level 3 in Long Blades
   818 | D:2      | Noticed Jessica
   833 | D:2      | Found a shimmering altar of Xom.
   833 | D:2      | Found a shimmering altar of Xom.
   834 | D:2      | Found a shimmering altar of Xom.
   843 | D:2      | Killed Jessica
   843 | D:2      | Reached skill level 1 in Armour
   843 | D:2      | Reached XP level 3. HP: 22/29 MP: 5/5
  1229 | D:2      | Noticed Terence
  1245 | D:2      | Killed Terence
  1245 | D:2      | Reached XP level 4. HP: 14/36 MP: 6/6
  1781 | D:2      | Noticed Sigmund
  1813 | D:2      | Killed Sigmund
  1813 | D:2      | Reached skill level 4 in Long Blades
  1813 | D:2      | Reached XP level 5. HP: 36/41 MP: 7/7
  1886 | D:2      | Found a burning altar of Makhleb.
  2044 | D:2      | Found a shimmering altar of Xom.
  2049 | D:2      | Found a shimmering altar of Xom.
  2243 | D:3      | Reached XP level 6. HP: 48/48 MP: 8/8
  2268 | D:3      | Found a basalt altar of Yredelemnul.
  2401 | D:3      | HP: 2/48 [orc priest/divine providence (13)]
  2968 | D:3      | Found a snail-covered altar of Cheibriados.
  3007 | D:3      | Found a bloodstained altar of Trog.
  3272 | D:3      | Found a sparkling altar of Nemelex Xobeh.
  3532 | D:3      | Found an ornate altar of the Wu Jian Council.
  4059 | D:4      | Reached XP level 7. HP: 55/55 MP: 9/9
  4064 | D:4      | Reached skill level 5 in Long Blades
  4109 | D:4      | Reached skill level 5 in Dodging
  4404 | D:4      | Reached skill level 6 in Long Blades
  4488 | D:4      | Found a staircase to the Ecumenical Temple.
  4605 | D:4      | Found an iron altar of Okawaru.
  5014 | D:5      | Entered Level 5 of the Dungeon
  5352 | D:5      | Reached skill level 7 in Long Blades
  5531 | D:5      | Reached XP level 8. HP: 43/61 MP: 10/10
  5745 | D:5      | Found a shattered altar of Ashenzari.
  6126 | D:6      | Reached skill level 8 in Long Blades
  6732 | D:6      | Reached skill level 9 in Long Blades
  6839 | D:6      | Found a radiant altar of Vehumet.
  6906 | D:6      | Found a stormy altar of Qazlal.
  7043 | D:6      | Found a glowing golden altar of the Shining One.
  7349 | D:7      | Found a sand-covered staircase.
  7366 | Ossuary  | Entered an ossuary
  7916 | D:7      | Reached XP level 9. HP: 64/67 MP: 11/11
  8343 | D:7      | Found a shimmering blue altar of Sif Muna.
  9639 | D:8      | Found a staircase to the Lair.
  9834 | D:9      | Found Amnypymp's Distillery.
  9842 | D:9      | Bought a potion of heal wounds for 85 gold pieces
  9857 | D:9      | Noticed Harold
  9909 | D:9      | Killed Harold
 10293 | D:9      | Found a hazy altar of Hepliaklqana.
 10331 | D:9      | Reached skill level 10 in Long Blades
 10384 | D:9      | Found Moalar's Magic Scroll Shop.
 10414 | D:9      | Noticed an orange crystal statue
 10756 | D:9      | Found Kops's Antique Weapon Boutique.
 10756 | D:9      | Reached skill level 5 in Armour
 11078 | D:10     | Entered Level 10 of the Dungeon
 11344 | D:10     | Reached skill level 5 in Fighting
 11369 | D:10     | Reached XP level 10. HP: 81/81 MP: 13/13
 12076 | D:10     | Found a viscous altar of Jiyva.
 12497 | D:10     | Reached skill level 1 in Evocations
 12700 | D:11     | Noticed Josephine
 13510 | D:10     | Killed from afar by Josephine

Illustrated notes

Levels and vault maps discovered:
D:1:      giann_horns, layout_basic, tso_metal_star
D:2:      layout_rooms, makhleb_heckhound_becter, xom_redecorated, uniq_sigmund,
          uniq_terence, uniq_jessica
D:3:      layout_basic, lemuel_coloured_pillars_altar, bloody_trog,
          kennysheep_slug_shrine, yredelemnul_forgotten_temple_becter,
          lemuel_round_altar, first_ration
D:4:      layout_basic, okawaru_altar_gauntlet_db, temple_pool_b
D:5:      layout_loops_cross, lemuel_statue_altar
D:6:      layout_rooms, vehumet_altar_wand_db, nicolae_overflow_hidden_temple,
          kennysheep_mini_moat
D:7:      layout_layer_cave, lemuel_blue_sif_altar, nicolae_ossuary_entry_ruins,
          the_bakery, chequers_serial_rivers_small_b
D:8:      layout_basic, lair_entry_dummy
D:9:      layout_irregular_city, kennysheep_mini, serial_shops,
          nicolae_shop_temple_entry_statues_fountains,
          nicolae_shop_behind_doors, shop_scrolls, minmay_statue_bubble,
          uniq_harold
D:10:     layout_basic, jiyva_altar_1
D:11:     layout_cave_pools, serial_shops, nicolae_shop_stone, enter_bailey_3,
          minmay_the_grid_square_5x5_3x3_mashed
          [minmay_the_grid_square_5x5_fancy_junction,
          minmay_the_grid_square_5x5_minimal,
          minmay_the_grid_square_5x5_hollow_slash,
          minmay_the_grid_square_5x5_seven,
          minmay_the_grid_square_5x5_megaprize_open,
          minmay_the_grid_square_5x5_eight_small,
          minmay_the_grid_square_5x5_one_wall,
          minmay_the_grid_square_5x5_two_walls_b,
          minmay_the_grid_square_5x5_percent], uniq_josephine

Skill      XL: |  1  2  3  4  5  6  7  8  9 10 |
---------------+-------------------------------+-----
Fighting       | 2 5 |  5.8
Long Blades    | 3 4 7 9 10 | 10.0
Dodging        | 3 4 5 7 |  7.6
Throwing       | 2 3 |  3.0
Armour         | 1 2 3 5 |  5.8
Evocations     | 2 |  2.2

Action                   |  1- 3 |  4- 6 |  7- 9 | 10-12 || total
-------------------------+-------+-------+-------+-------++-------
Melee: Long sword        |    72 |       |   166 |       ||   238
       Dagger            |    18 |   118 |   313 |    47 ||   496
       Short sword       |       |   107 |    40 |       ||   147
       Scimitar          |       |       |    42 |    93 ||   135
Throw: Throwing net      |     1 |     3 |       |     1 ||     5
       Dart              |       |     2 |    34 |     7 ||    43
Evoke: Wand              |       |       |       |     4 ||     4
  Use: Potion            |       |     2 |     5 |     7 ||    14
       Scroll            |       |       |    14 |     4 ||    18
 Stab: Held in net/web   |     1 |     1 |       |       ||     2
       Distracted        |     1 |     1 |       |       ||     2
       Sleeping          |       |     1 |     5 |       ||     6
       Invisible         |       |       |       |     2 ||     2
  Eat: Chunk             |     1 |     9 |    20 |     3 ||    33
       Ration            |       |       |     1 |     2 ||     3
Armor: Leather armour    |    31 |    45 |    32 |       ||   108
       Ring mail         |       |       |    85 |    64 ||   149
       Skin              |       |       |    30 |       ||    30
Dodge: Dodged            |    75 |   163 |   322 |    94 ||   654
       Rpst.: Long sword |    24 |       |    33 |       ||    57
       Scimitar          |       |       |    14 |    24 ||    38
